 Dungeon Crawl Stone Soup version 0.18.1-48-g4cf74bf (webtiles) character file.

88 Heedrag the Chopper (level 4, -5/39 HPs)
             Began as a Minotaur Fighter on Aug 5, 2016.
             Killed by divine providence
             ... invoked by an orc priest
              (10 damage)
             ... on level 3 of the Dungeon.
             The game lasted 00:02:42 (1813 turns).

Heedrag the Chopper (Minotaur Fighter)              Turns: 1813, Time: 00:02:43

Health: -5/39      AC:  8    Str: 21    XL:     4   Next: 29%
Magic:  3/3        EV:  7    Int:  5    God:
Gold:   144        SH:  9    Dex: 10    Spells: 0 memorised, 3 levels left

rFire  . . .     SeeInvis .     a - +0 war axe
rCold  . . .     Gourm    .     b - +0 scale mail
rNeg   . . .     Faith    .     c - +0 shield
rPois  .         Spirit   .     (helmet restricted)
rElec  .         Dismiss  .     o - +0 cloak
rCorr  .         Reflect  .     (no gloves)
SustAt .         Harm     .     (no boots)
MR     .....                    (no amulet)
Stlth  ..........               (no ring)
                                (no ring)

@: drained, not resistant to hostile enchantments, extremely unstealthy
A: retaliatory headbutt, horns 2
a: no special abilities


You were on level 3 of the Dungeon.
You were not hungry.

You visited 1 branch of the dungeon, and saw 3 of its levels.

You collected 144 gold pieces.

Inventory:

Hand Weapons
 a - a +0 war axe (weapon)
 j - a +2 short sword of draining
Armour
 b - a +0 scale mail (worn)
 c - a +0 shield (worn)
 o - a +0 cloak (worn)
Scrolls
 e - 5 scrolls of teleportation {unknown}
 g - a scroll of fog {unknown}
 i - 4 scrolls of remove curse {unknown}
 k - 4 scrolls of identify {unknown}
 l - a scroll of magic mapping {unknown}
Potions
 d - a potion of might
Comestibles
 f - 2 bread rations
 h - 2 royal jellies
 m - a meat ration
 n - a slice of pizza


   Skills:
 - Level 3.6(3.4) Fighting
 * Level 5.5(5.4) Axes
 - Level 3.6(3.4) Armour
 - Level 3.6(3.4) Shields


You had 3 spell levels left.
You didn't know any spells.

Dungeon Overview and Level Annotations

Branches:
Dungeon (3/15)

Altars:
Ru
Trog
Xom
The Shining One


Innate Abilities, Weirdness & Mutations

You reflexively headbutt those who attack you in melee.
You have a pair of horns on your head.


Message History

a dagger; an orc corpse Ye slash tha orc priest!
Yer headbutt misses tha orc priest.
Tha orc priest be severely wounded.
Tha orc priest looks bra'er fer a momn't.
Tha orc priest invokes tha aid o' Beogh against ye.
Beogh smites ye!
Ye closely miss tha orc priest.
Tha orc priest be severely wounded.
Tha orc priest hits ye wit' an enchanted dagger.
Ye barely miss tha orc priest.
Tha orc priest be severely wounded.
Tha orc priest casts a cantrip, but nuthin' happens.
Ye closely miss tha orc priest.
Tha orc priest be severely wounded.
Tha orc priest calls down tha wrath o' Beogh upon ye.
Beogh smites ye!
* * * LOW HITPOINT WARNIN'
* * * Tha orc priest mumbles some strange prayers ta Beogh against ye.
Beogh smites ye!
Ye die...

..#.......##
#..........#
#.......[..#
..........##
........... #.#......
#.##.o.# #.# #@# #
#.######.###.##.#
#..........)....#
###########.###.#..#
.............#..#.....
.########.#....##.####
#.#...#.##.#
##..#...##.#
##.#.#.##.# .#


You could see an orc priest.

Vanquished Creatures
  An adder (D:2)
  An ooze (D:3)
  A worm (D:2)
  A dart slug (D:2)
  3 giant geckos
  4 orcs (D:3)
  8 bats
  5 giant cockroaches
  5 goblins
  5 hobgoblins
  6 jackals
  A quokka (D:2)
  11 giant newts
  5 kobolds
  2 rats
59 creatures vanquished.

Notes
Turn   | Place    | Note
--------------------------------------------------------------
     0 | D:1      | Heedrag the Minotaur Fighter began the quest for the Orb.
     0 | D:1      | Reached XP level 1. HP: 19/19 MP: 0/0
    64 | D:1      | Reached skill level 3 in Axes
    94 | D:1      | Reached XP level 2. HP: 21/26 MP: 1/1
   598 | D:1      | Reached skill level 4 in Axes
   922 | D:2      | Found a shimmering altar of Xom.
   925 | D:2      | Reached XP level 3. HP: 27/31 MP: 2/2
   968 | D:2      | Found a sacrificial altar of Ru.
  1186 | D:2      | Reached skill level 5 in Axes
  1494 | D:2      | Reached XP level 4. HP: 39/39 MP: 3/3
  1631 | D:3      | Found a glowing golden altar of the Shining One.
  1707 | D:3      | Found a bloodstained altar of Trog.
  1813 | D:3      | Killed from afar by an orc priest

Skill      XL: |  1  2  3 |
---------------+----------+-----
Axes           | 3 4 5 |  5.5
Fighting       | |  3.6
Armour         | |  3.6
Shields        | |  3.6

Action                   |  1- 3 |  4- 6 || total
-------------------------+-------+-------++-------
Melee: War axe           |    94 |    33 ||   127
       Headbutt          |     9 |     4 ||    13
  Eat: Chunk             |     2 |     1 ||     3
Armor: Scale mail        |    56 |    12 ||    68
Dodge: Dodged            |    33 |    10 ||    43
Block: Shield            |    45 |    15 ||    60
